 Dungeon Sprint DCSS version 0.16-a0-3781-g2316936 (console) character file.

22 Monkaria the Slasher (level 2, -3/29 HPs)
             Began as a Hill Orc Fighter on Jan 25, 2015.
             Was an Initiate of Makhleb.
             Slain by an ice beast (10 damage)
             ... in the Dungeon (Sprint IX: "|||||||||||||||||||||||||||||").
             The game lasted 00:00:59 (194 turns).

Monkaria the Slasher (Hill Orc Fighter)              Turns: 194, Time: 00:00:59

Health: -3/29      AC:  8    Str: 18    XL:     2   Next: 91%
Magic:  2/2        EV: 10    Int:  8    God:    Makhleb [......]
Gold:   0          SH:  9    Dex: 13    Spells: 0 memorised, 1 level left

rFire  . . .     SeeInvis .     a - +0 long sword
rCold  . . .     Clarity  .     r - +2 ring mail
rNeg   . . .     SustAb   .     c - +0 shield
rPois  .         Gourm    .     (no helmet)
rElec  .         Spirit   .     (no cloak)
rCorr  .         Warding  .     q - +0 pair of gloves
rMut   .         NoTele   +     (no boots)
MR     .....                    (no amulet)
Stlth  +.........               t - +3 ring of dexterity
                                s - +2 ring of evasion

@: not resistant to hostile enchantments, very unstealthy
A: no striking features
a: Renounce Religion


You were in the Dungeon.
You worshipped Makhleb.
Makhleb was noncommittal.
You were not hungry.

You visited 1 branch

Inventory:

Hand weapons
 a - a +0 long sword (weapon)
 p - a +2 scimitar of holy wrath
Armour
 c - a +0 shield (worn)
 q - a +0 pair of gloves (worn)
 r - a +2 ring mail (worn)
Jewellery
 s - a +2 ring of evasion (left hand)
 t - a +3 ring of dexterity (right hand)
Magical devices
 o - a wand of cold (7)
Scrolls
 k - 2 scrolls of blinking
 m - 3 scrolls of remove curse
 n - 2 scrolls of amnesia
Potions
 e - a potion of might
 f - 5 potions of curing
 g - 3 potions of heal wounds
 h - a potion of haste
 i - 4 potions of magic
 j - a potion of berserk rage
 l - a potion of invisibility
Comestibles
 d - a meat ration


   Skills:
 + Level 5.2 Fighting
 * Level 5.3 Long Blades
 - Level 3.2 Armour
 - Level 3.2 Shields


You had one spell level left.
You didn't know any spells.

Dungeon Overview and Level Annotations

Branches:
Dungeon (1/1)

Altars:
Cheibriados
Dithmenos
Elyvilon
Fedhas
Gozag
Kikubaaqudgha
Makhleb
Nemelex Xobeh
Okawaru
Qazlal
Ru
Sif Muna
Trog
Vehumet
Xom
Yredelemnul
Zin
The Shining One
Beogh
Jiyva
Lugonu


Message History

The ice beast hits you but does no damage.
You closely miss the ice beast.
The ice beast is lightly wounded.
The ice beast hits you but does no damage.
You block the ice beast's attack.
You hit the ice beast but do no damage.
The ice beast is lightly wounded.
The ice beast hits you but does no damage.
You hit the ice beast but do no damage.
The ice beast is lightly wounded.
You block the ice beast's attack.
You closely miss the ice beast.
The ice beast is lightly wounded.
The ice beast hits you but does no damage.
You hit the ice beast.
The ice beast is moderately wounded.
You block the ice beast's attack. The ice beast hits you.
* * * LOW HITPOINT WARNING * * *
The ice beast freezes you!
You die... ▓▓▓▓▓▓▓▓▓▓▓▓▓▓▓▓▓▓▓▓▓▓▓▓▓ _______'..|).[..@YTTKH..+ ▓▓▓▓▓▓▓▓▓▓▓▓▓▓▓▓▓▓▓▓▓▓▓▓▓

You could see a hippogriff, 2 trolls, an ice beast and a big kobold.

Vanquished Creatures
  A shadow imp (D)
  A giant gecko (D)
  A bat skeleton (D)
  A bat zombie (D)
  A giant cockroach (D)
  A hobgoblin (D)
  A jackal (D)
  A kobold (D)
  A quokka (D)
  A ball python (D)
  A bat (D)
  A giant cockroach zombie (D)
  A rat (D)
13 creatures vanquished.

Notes
Turn   | Place    | Note
--------------------------------------------------------------
     0 | D        | Monkaria, the Hill Orc Fighter, began the quest for the Orb.
     0 | D        | Reached XP level 1. HP: 19/19 MP: 1/1
     9 | D        | Reached skill level 4 in Fighting
    72 | D        | Reached XP level 2. HP: 25/28 MP: 2/2
    88 | D        | Reached skill level 5 in Fighting
    88 | D        | Reached skill level 5 in Long Blades
   101 | D        | Found a glowing silver altar of Zin.
   101 | D        | Found a glowing golden altar of the Shining One.
   101 | D        | Found an ancient bone altar of Kikubaaqudgha.
   101 | D        | Found a basalt altar of Yredelemnul.
   101 | D        | Found a shimmering altar of Xom.
   101 | D        | Found a radiant altar of Vehumet.
   101 | D        | Found an iron altar of Okawaru.
   102 | D        | Found a burning altar of Makhleb.
   103 | D        | Found a deep blue altar of Sif Muna.
   104 | D        | Found a bloodstained altar of Trog.
   105 | D        | Found a sparkling altar of Nemelex Xobeh.
   106 | D        | Found a white marble altar of Elyvilon.
   107 | D        | Found a roughly hewn altar of Beogh.
   108 | D        | Found a viscous altar of Jiyva.
   109 | D        | Found a corrupted altar of Lugonu.
   110 | D        | Found a blossoming altar of Fedhas.
   111 | D        | Became a worshipper of Makhleb the Destroyer
   112 | D        | Found a snail-covered altar of Cheibriados.
   113 | D        | Found a shadowy altar of Dithmenos.
   114 | D        | Found a stormy altar of Qazlal.
   115 | D        | Found an opulent altar of Gozag.
   116 | D        | Found a sacrificial altar of Ru.
   184 | D        | Noticed an ice beast
   184 | D        | Noticed a troll
   184 | D        | Noticed a troll
   184 | D        | Noticed a big kobold
   184 | D        | Noticed a hippogriff
   194 | D        | Slain by an ice beast

Action                   || total
-------------------------++-------
Melee: Long sword        ||    48
